 Dungeon Crawl Stone Soup version 0.30-b1-2-g02819fbbbe (webtiles) character file.

Game seed: 1469163046765971406

15752 raph the Grappler (level 12, -7/118 HPs)
             Began as a Troll Berserker on Dec 24, 2023.
             Was a High Priest of Trog.
             Mangled by a komodo dragon (24 damage)
             ... on level 1 of the Lair of Beasts.
             The game lasted 00:19:01 (11779 turns).

raph the Grappler (Troll Berserker)                Turns: 11779, Time: 00:19:01

Health: -7/118     AC: 10    Str: 28    XL:     12   Next: 4%
Magic:  11/11      EV: 12    Int:  4    God:    Trog [*****.]
Gold:   1132       SH:  5    Dex: 13    Spells: 11/11 levels left

rFire   + .          .
                       - Unarmed
rCold   . . .        (no shield)
rNeg    . . .        k - +1 robe of Togerchak {Will+ Regen+}
rPois   +            (helmet restricted)
rElec   .            i - +0 cloak
rCorr   .            (gloves unavailable)
SInv    .            (boots unavailable)
Will    +++..        w - amulet of reflection
Stlth   +            L - +6 ring of intelligence
HPRegen 2.99/turn    I - ring of Kumefeux {rPois rF+ AC+4 Int-5}
MPRegen 0.12/turn

%: reflection
@: lethally poisoned (-7 -> -8), strong-willed, regenerating
A: large, unfitting armour, claws 3, regeneration 1, shaggy fur 1, tough skin 1
a: Renounce Religion, Berserk, Trog's Hand, Brothers in Arms


You were on level 1 of the Lair of Beasts.
You worshipped Trog.
Trog was extremely pleased with you.
You visited 2 branches of the dungeon, and saw 11 of its levels.
You also visited: Ossuary.

You collected 1564 gold pieces.
You spent 432 gold pieces at shops.

Inventory:

Hand Weapons
 y - a +1 vampiric giant club
 K - the +2 sling of the Pit {heavy, rElec rC++}
   (You found it on level 8 of the Dungeon)

   rC:        It greatly protects you from cold.
   rElec:     It insulates you from electricity.
Missiles
 a - 48 poisoned darts (quivered)
 q - 74 stones
 z - 4 javelins
 C - 3 boomerangs of dispersal
 F - 8 boomerangs
 N - 2 silver javelins
 P - a curare-tipped dart
Armour
 i - a +0 cloak (worn)
 k - the +1 robe of Togerchak (worn) {Will+ Regen+}
   (You found it on level 3 of the Dungeon)

   Regen:     It increases your rate of health regeneration.
   Will:      It increases your willpower.
 O - +0 acid dragon scales
Jewellery
 l - a +6 ring of dexterity
 m - a +4 ring of protection
 o - a ring of willpower
 w - an amulet of reflection (around neck)
 G - a ring of flight
 I - the ring of Kumefeux (right claw) {rPois rF+ AC+4 Int-5}
   (You found it on level 8 of the Dungeon)

   [ring of protection]

   AC:        It affects your AC (+4).
   Int:       It affects your intelligence (-5).
   rF:        It protects you from fire.
   rPois:     It protects you from poison.
 L - a +6 ring of intelligence (left claw)
 R - an amulet of the acrobat
Wands
 u - a wand of flame (37)
 v - a wand of iceblast (26)
 A - a wand of quicksilver (6)
 D - a wand of charming (16)
Scrolls
 g - 6 scrolls of teleportation
 t - 2 scrolls of vulnerability
 Q - 3 scrolls of enchant weapon
Potions
 b - 3 potions of curing
 c - 6 potions of flight
 d - 3 potions of resistance
 e - 2 potions of haste {unknown}
 f - 4 potions of might
 h - 3 potions of mutation
 j - 3 potions of lignification
 n - a potion of attraction {unknown}
 p - 3 potions of cancellation
 r - a potion of ambrosia {unknown}
 s - 3 potions of berserk rage {unknown}
 x - 2 potions of heal wounds {unknown}
 B - a potion of magic {unknown}
 H - a potion of experience {unknown}
Miscellaneous
 J - a lightning rod (4/4)
 M - a phial of floods


   Skills:
 + Level 7.5 Fighting
 + Level 7.0 Throwing
 + Level 7.6 Dodging
 * Level 12.5 Unarmed Combat
 + Level 4.7 Evocations


You had 11 spell levels left.
You didn't know any spells.
Your spell library was empty.

Dungeon Overview and Level Annotations

Branches:
Dungeon (10/15)            Temple (0/1) D:6            Lair (1/5) D:10
    Orc (0/2) D:9         Ossuary (visited)

Altars:
Ashenzari
Cheibriados
Fedhas
Kikubaaqudgha
Qazlal
Sif Muna
Zin

Shops:
D:5 =

Portals:
Gauntlet: Lair:1

Annotations:
D:10 3 runed translucent doors, Vorhees's ghost, novice SpHu
Lair:1 3 runed translucent doors, Leralyudypt's ghost, journeyman TrGl


Innate Abilities, Weirdness & Mutations

You are too large for most types of armour.
You have claws for hands.
Your natural rate of healing is unusually fast.
You are covered in fur. (AC +1)
You have tough skin. (AC +1)


Message History

You feel very sick. The black mamba bites you. The komodo dragon bites you.
You miss the black mamba.
The black mamba is moderately wounded.
You feel very sick. The black mamba closely misses you.
The komodo dragon bites you!! The black mamba closely misses you.
You claw the black mamba! Your claw misses the black mamba.
The black mamba is heavily wounded.
You feel very sick. The black mamba bites you! The komodo dragon bites you!
You are too injured to fight recklessly!
You are too injured to fight recklessly!
You are too injured to fight recklessly!
You are too injured to fight recklessly!
You scratch the black mamba.
The black mamba is severely wounded.
You feel sick. The black mamba bites you.
You mangle the black mamba!!
You kill the black mamba!
Trog accepts your kill.
You feel sick. The komodo dragon closely misses you.
You barely miss the komodo dragon.
You feel sick.
The komodo dragon hisses menacingly.
The komodo dragon bites you!
* * * LOW HITPOINT WARNING * * *
You mangle the komodo dragon!!
The komodo dragon is severely wounded.
You feel sick. The komodo dragon bites you!!
* * * LOW HITPOINT WARNING * * *
You claw the komodo dragon!
The komodo dragon is almost dead.
You feel sick.
Your skin crawls.
You feel strong-willed.
You feel sick. The komodo dragon barely misses you.
You closely miss the komodo dragon.
The komodo dragon is almost dead.
You feel sick. The komodo dragon bites you!!
You die...

* **#.....?..### #....
*............# ###..
**..........!.## #.#.
**,.............## ##...
*****,,..............## #....
***,*,,,,...............#####.###
,,,,,,,,,...................).#H#
,,,,,,,,,.........†...........#WS
,,,,,,,**.......@.............##!
,,,,,,,*,.∩....l..............#.=
,,,,,,>,,.....................##!
,,,,,,,,,.....................#.S
,,,,,,,,,.....................#.*
,,,,,,,,,.................)...###
,,,,,,,,,......♣♣♣♣♣♣♣♣♣♣,,,.....
*,,***,,,.....♣********,***,**,#.
**** *,,,,,,,,***,,,**,*,******##


You could see a komodo dragon.

Vanquished Creatures
  A two-headed ogre (D:9)
  Pikel (D:5)
  2 lindwurms (D:8)
  3 manticores (D:9)
  A black mamba (Lair:1)
  2 cane toads (Lair:1)
  A komodo dragon (Lair:1)
  2 kobold demonologists (D:10)
  Psyche (D:9)
  2 trolls (D:9)
  A merfolk (D:9)
  Grinder (D:5)
  Sigmund (D:2)
  2 hogs (D:9)
  A wraith (D:10)
  2 wyverns (D:9)
  7 yaks (D:9)
  Eustachio (D:6)
  A steam dragon (D:7)
  Menkaure (D:7)
  An acid dragon (D:10)
  2 water moccasins
  2 ice beasts
  7 orc warriors
  9 black bears
  A sky beast (D:4)
  4 wolves (Lair:1)
  An ogre (D:6)
  6 centaurs
  7 kobold brigands
  A phantom (D:5)
  An elf zombie (Ossuary)
  2 gnoll sergeants (D:9)
  6 bullfrogs
  2 scorpions (D:7)
  4 wights (D:6)
  A water moccasin skeleton (D:4)
  6 killer bees (D:9)
  5 electric eels (D:9)
  2 howler monkeys (D:7)
  A centaur zombie (Ossuary)
  2 human zombies (Ossuary)
  5 orc priests
  A bullfrog zombie (D:4)
  A hound (D:5)
  2 jellies
  2 gnoll boudas (D:9)
  6 iguanas
  5 sleepcaps
  Jessica (D:2)
  Natasha (twice) (D:2)
  15 orc wizards
  A scorpion zombie (D:4)
  4 hound zombies
  A hound skeleton (D:4)
  3 mummies (Ossuary)
  Robin (D:2)
  6 adders
  6 gnolls (D:9)
  A river rat (D:4)
  A shadow imp (D:5)
  3 white imps
  An ufetubus (D:6)
  6 adder zombies
  2 worms
  4 dart slugs
  25 orcs
  10 endoplasms
  3 giant cockroaches
  13 goblins
  12 hobgoblins
  3 quokkas
  8 ball pythons
  9 bats
  4 frilled lizards
  A gnoll zombie (Ossuary)
  3 goblin zombies (Ossuary)
  4 hobgoblin zombies (Ossuary)
  A jackal skeleton (D:4)
  3 jackal zombies (Ossuary)
  29 kobolds
  6 kobold zombies (Ossuary)
  2 orc zombies (Ossuary)
  3 quokka zombies (Ossuary)
  6 rats
  5 rat zombies (Ossuary)
337 creatures vanquished.

Vanquished Creatures (collateral kills)
  2 lindwurms (D:8)
2 creatures vanquished.

Vanquished Creatures (others)
  4 fungi (D:3)
  18 plants
  2 withered plants (D:4)
24 creatures vanquished.

Grand Total: 363 creatures vanquished

Notes
Turn   | Place    | Note
-------+----------+-------------------------------------------
     0 | D:1      | raph the Troll Berserker began the quest for the Orb.
     0 | D:1      | Reached XP level 1. HP: 22/22 MP: 0/0
   173 | D:1      | Reached XP level 2. HP: 28/29 MP: 1/1
   927 | D:2      | Reached XP level 3. HP: 36/36 MP: 2/2
   929 | D:2      | Noticed Sigmund
   943 | D:2      | Killed Sigmund
   944 | D:2      | Reached skill level 4 in Unarmed Combat
   944 | D:2      | Reached XP level 4. HP: 45/45 MP: 3/3
   944 | D:2      | Reached XP level 5. HP: 53/53 MP: 4/4
  1020 | D:2      | Reached ** piety under Trog
  1075 | D:2      | Reached skill level 5 in Unarmed Combat
  1079 | D:2      | Noticed Jessica
  1093 | D:2      | Killed Jessica
  1136 | D:2      | Noticed Robin
  1148 | D:2      | Killed Robin
  1152 | D:2      | Found a blossoming altar of Fedhas.
  1218 | D:2      | Noticed Natasha
  1223 | D:2      | Killed Natasha
  1224 | D:2      | Reached XP level 6. HP: 61/61 MP: 5/5
  1276 | D:2      | Noticed Natasha
  1281 | D:2      | Killed Natasha
  1787 | D:3      | Identified the +1 robe of Togerchak {Will+ Regen+}
  2865 | D:4      | Reached *** piety under Trog
  2974 | D:4      | Reached skill level 1 in Throwing
  2985 | D:4      | Reached skill level 6 in Unarmed Combat
  2985 | D:4      | Reached XP level 7. HP: 62/68 MP: 6/6
  3007 | D:4      | Found a shimmering blue altar of Sif Muna.
  3029 | D:4      | Found a sand-covered staircase.
  3086 | Ossuary  | Entered an ossuary
  3472 | Ossuary  | Reached **** piety under Trog
  3593 | D:4      | Identified a scroll of acquirement
  3593 | D:4      | Acquired 712 gold pieces
  3771 | D:4      | Reached skill level 7 in Unarmed Combat
  3771 | D:4      | Reached XP level 8. HP: 79/79 MP: 7/7
  3906 | D:5      | Entered Level 5 of the Dungeon
  3946 | D:5      | Noticed Pikel
  3959 | D:5      | Killed Pikel
  4035 | D:5      | Noticed Grinder
  4042 | D:5      | Killed Grinder
  4043 | D:5      | Reached skill level 5 in Fighting
  4043 | D:5      | Reached skill level 5 in Dodging
  4043 | D:5      | Reached skill level 8 in Unarmed Combat
  4321 | D:5      | Found Jompouva's Jewellery Boutique.
  4332 | D:5      | Bought a +6 ring of dexterity for 432 gold pieces
  4460 | D:5      | Reached XP level 9. HP: 88/88 MP: 8/8
  4473 | D:5      | Found a glowing silver altar of Zin.
  4483 | D:5      | Found a snail-covered altar of Cheibriados.
  5103 | D:6      | Found a staircase to the Ecumenical Temple.
  5106 | D:6      | Noticed Eustachio
  5122 | D:6      | Killed Eustachio
  6578 | D:7      | Noticed Menkaure
  6585 | D:7      | Killed Menkaure
  6586 | D:7      | Reached skill level 9 in Unarmed Combat
  6586 | D:7      | Reached skill level 1 in Evocations
  7024 | D:7      | Found a broken altar of Ashenzari.
  7116 | D:7      | Reached ***** piety under Trog
  7756 | D:8      | Reached XP level 10. HP: 87/98 MP: 9/9
  7987 | D:8      | Noticed a lindwurm
  8177 | D:8      | Noticed a lindwurm
  8182 | D:8      | Noticed a lindwurm
  8182 | D:8      | Noticed a lindwurm
  8187 | D:8      | Killed a lindwurm
  8188 | D:8      | Reached skill level 5 in Throwing
  8188 | D:8      | Reached skill level 10 in Unarmed Combat
  8191 | D:8      | Killed a lindwurm
  8194 | D:8      | Killed a lindwurm
  8208 | D:8      | Killed a lindwurm
  8229 | D:8      | Identified the ring of Kumefeux {rPois rF+ AC+4 Int-5}
  8238 | D:8      | Identified the +2 sling of the Pit {heavy, rElec rC++}
  8587 | D:9      | Reached skill level 11 in Unarmed Combat
  8684 | D:9      | Noticed a manticore
  8697 | D:9      | Killed a manticore
  8698 | D:9      | Reached XP level 11. HP: 92/107 MP: 10/10
  9418 | D:9      | Noticed Psyche
  9429 | D:9      | Killed Psyche
  9556 | D:9      | Found an ancient bone altar of Kikubaaqudgha.
  9955 | D:9      | Found a staircase to the Orcish Mines.
  9990 | D:9      | Noticed a two-headed ogre
  9994 | D:9      | Killed a two-headed ogre
 10081 | D:9      | Reached skill level 12 in Unarmed Combat
 10843 | D:10     | Entered Level 10 of the Dungeon
 10843 | D:10     | Found a runed translucent gate.
 10844 | D:10     | Found a runed translucent gate.
 10845 | D:10     | Found a runed translucent gate.
 10846 | D:10     | Noticed a 12-headed hydra
 10847 | D:10     | Noticed Vorhees's ghost (novice SpHu)
 10847 | D:10     | Noticed a 12-headed hydra
 10890 | D:10     | Found a staircase to the Lair.
 11450 | D:10     | Found a stormy altar of Qazlal.
 11601 | Lair:1   | Entered Level 1 of the Lair of Beasts
 11640 | Lair:1   | Found a runed translucent gate.
 11640 | Lair:1   | Found a runed translucent gate.
 11640 | Lair:1   | Found a runed translucent gate.
 11705 | Lair:1   | Noticed a minotaur
 11705 | Lair:1   | Noticed Leralyudypt's ghost (journeyman TrGl)
 11714 | Lair:1   | Received a gift from Trog
 11724 | Lair:1   | Reached XP level 12. HP: 63/118 MP: 11/11
 11767 | Lair:1   | Found a gate leading to a gauntlet.
 11779 | Lair:1   | Mangled by a komodo dragon

Illustrated notes

Levels and vault maps discovered:
D:1:      matt_arrival_grand_opening, layout_loops_corners, nrook_campfire,
          minmay_box_of_dots
D:2:      layout_loops_ring, serial_glass, glass_columns_b, glass_columns_b,
          basic_altar, uniq_sigmund, uniq_natasha, uniq_jessica, uniq_robin
D:3:      minmay_inner_zag, layout_basic, dreamdust_mushroom_princess,
          hangedman_decor_diamond_cutter
D:4:      layout_cave_pools, nicolae_sif_muna_condensation, serial_undead,
          serial_undead_c, serial_undead_b, serial_undead_b, serial_undead_c,
          serial_undead_d, portal_sewer_entry_a, nicolae_ossuary_entry_monument
D:5:      layout_layer_cave, mainiacjoe_overflow_catwalk_spiral, serial_shops,
          shop, uniq_pikel, uniq_grinder
D:6:      layout_layer_cave, temple_statues, uniq_eustachio
D:7:      layout_loops_ring, mainiacjoe_overflow_small_starburst, uniq_menkaure
D:8:      layout_gridville, minmay_lindwurm_lava
D:9:      kennysheep_town, uniq_psyche
D:10:     layout_stronghold, grunt_qazlal_clouds, dpeg_oklobed_lair,
          gammafunk_ghost_hydra_chop
Lair:1:   layout_hall_layers, maelrawn_ghost_gauntlet_escape,
          gauntlet_entry_generic, hangedman_tree_tricks, wad_woods_01

Skill      XL: |  1  2  3  4  5  6  7  8  9 10 11 |
---------------+----------------------------------+-----
Fighting       | 3 4 5 6 7 |  7.5
Dodging        | 3 4 5 6 7 |  7.6
Unarmed Combat | 4 5 6 7 8 9 11 12 | 12.5
Throwing       | 1 2 3 4 5 7 |  7.0
Evocations     | 2 3 4 |  4.7

Action                     |  1- 3 |  4- 6 |  7- 9 | 10-12 || total
---------------------------+-------+-------+-------+-------++-------
  Melee: Unarmed           |    45 |   135 |   360 |   336 ||   876
         Punch             |     3 |     5 |    19 |    25 ||    52
  Throw: Dart              |       |       |     8 |    40 ||    48
         Javelin           |       |       |       |     1 ||     1
 Invoke: Berserk           |     1 |     4 |     8 |     8 ||    21
         Trog's Hand       |       |       |       |     4 ||     4
         Brothers in Arms  |       |       |       |     1 ||     1
  Evoke: Wand              |       |       |       |     1 ||     1
    Use: Scroll            |     2 |     2 |    12 |     7 ||    23
         Potion            |       |       |     1 |     1 ||     2
   Stab: Sleeping          |     1 |     2 |     3 |       ||     6
 Armour: Animal skin       |    11 |    15 |       |       ||    26
         Robe              |       |    14 |   125 |   101 ||   240
  Dodge: Dodged            |    26 |    51 |   212 |   196 ||   485
  Block: Other             |       |       |    40 |    82 ||   122
         Reflection        |       |       |     1 |     6 ||     7
